 Dungeon Crawl Stone Soup version 0.25-a0-589-g1e14c549ee (webtiles) character file.

Game seed: 15471125521853791758, levelgen mode: deterministic

20345 MisterFreud the Nimble (level 12, -6/58 HPs)
             Began as a Felid Skald on Mar 9, 2020.
             Was a Believer of Uskayaw.
             Mangled by an orc warrior
             ... wielding a +0 dire flail
             ... led by an orc knight
              (11 damage)
             ... on level 1 of the Orcish Mines.
             The game lasted 01:25:13 (31661 turns).

MisterFreud the Nimble (Felid Skald)               Turns: 31661, Time: 01:25:13

Health: -6/58      AC:  3    Str:  7    XL:     12   Next: 44%
Magic:  22/22      EV: 32    Int: 22    God:    Uskayaw [**....]
Gold:   1025       SH:  0    Dex: 24    Spells: 5/23 levels left
                                        Lives:  0   Deaths: 2

rFire    . . .     SeeInvis +     - Unarmed
rCold    + . .     Gourm    .   (shield unavailable)
rNeg     . . .     Faith    .   (armour unavailable)
rPois    .         Spirit   .   (helmet unavailable)
rElec    .         Reflect  .   (cloak unavailable)
rCorr    .         Harm     .   (gloves unavailable)
MR       +....                  (boots unavailable)
Stlth    +++++.....             M - amulet of rage (curse)
HPRegen  0.19/turn              I - +5 ring of dexterity
MPRegen  0.18/turn              F - +6 ring of intelligence

@: berserk cooldown, slowed, slow
A: very small, no armour, no weapons or thrown items, stealth, claws 1, fangs 3,
see invisible, carnivore, speed 1, shaggy fur 3, slow metabolism 1, sharp paws
a: Stomp, Line Pass, Renounce Religion, Evoke Berserk Rage


You were on level 1 of the Orcish Mines.
You worshipped Uskayaw.
Uskayaw was aware of your devotion.
You were not hungry.

You visited 4 branches of the dungeon, and saw 22 of its levels.
You also visited: Ossuary.

You collected 1333 gold pieces.
You spent 308 gold pieces at shops.

Inventory:

Jewellery
 s - the macabre finger necklace {rN+}
   (You found it on level 13 of the Dungeon)

   [amulet of nothing]

   It protects you from negative energy.
 z - an uncursed ring of resist corrosion {unknown}
 A - an uncursed ring of stealth
 F - a +6 ring of intelligence (right paw)
 G - an uncursed ring of poison resistance {unknown}
 I - a +5 ring of dexterity (left paw)
 J - an uncursed ring of stealth
 M - a cursed amulet of rage (around neck)
Wands
 m - a wand of flame (41)
 t - a wand of paralysis (9)
 u - a wand of enslavement (11)
 w - a wand of digging (11)
 y - a wand of iceblast (6)
 C - a wand of disintegration (35)
 K - a wand of random effects (30)
Scrolls
 c - 9 scrolls of remove curse
 f - 7 scrolls of magic mapping
 n - 7 scrolls of identify
 p - a scroll of fear
 r - 4 scrolls of silence
 v - 6 scrolls of fog
 x - 2 scrolls of amnesia
 H - 2 scrolls of teleportation
Potions
 a - 7 potions of curing
 d - a potion of brilliance
 e - 2 potions of invisibility
 g - 2 potions of magic
 h - 8 potions of might
 k - 4 potions of mutation
 l - 3 potions of stabbing
 o - 3 potions of flight
 q - 2 potions of berserk rage
 D - a potion of resistance
 E - 2 potions of haste
 L - 2 potions of lignification
Comestibles
 b - 34 rations


   Skills:
 - Level 10.0 Fighting
 - Level 12.4 Dodging
 - Level 10.0 Stealth
 - Level 10.0 Unarmed Combat
 - Level 6.0 Spellcasting
 - Level 6.0 Charms
 - Level 6.0 Summonings
 + Level 3.1 Transmutations
 - Level 5.0 Ice Magic
 - Level 5.0 Air Magic
 - Level 10.0 Invocations
 - Level 10.0 Evocations


You had 5 spell levels left.
You knew the following spells:

 Your Spells              Type           Power        Failure   Level  Hunger
a - Infusion              Chrm           ####         1%          1    None
b - Shroud of Golubria    Chrm/Tloc      ###...       4%          2    None
c - Ozocubu's Armour      Chrm/Ice       ####....     2%          3    #......
d - Frozen Ramparts       Ice            ####..       3%          3    #......
e - Summon Lightning Spi  Summ/Air       ####....     10%         4    ###....
f - Blade Hands           Tmut           ###.......   56%         5    #####..

Your spell library contained the following spells:

 Spells                   Type           Power        Failure   Level  Hunger
 Freeze                   Ice            ####         1%          1    None
 Summon Small Mammal      Summ           ####         1%          1    None
 Call Imp                 Summ           ####....     1%          2    None
 Song of Slaying          Chrm           ####....     1%          2    None
 Beastly Appendage        Tmut           ###...       2%          1    None
 Call Canine Familiar     Summ           ####....     2%          3    #......
 Sticks to Snakes         Tmut           ###.....     3%          2    None
 Recall                   Summ/Tloc      N/A          8%          3    #......
 Summon Guardian Golem    Hex/Summ       ###.....     8%          3    #......
 Animate Skeleton         Necr           N/A          9%          1    None
 Apportation              Tloc           #.....       9%          1    None
 Corona                   Hex            #......      9%          1    None
 Foxfire                  Conj/Fire      #...         9%          1    None
 Summon Ice Beast         Ice/Summ       ####....     10%         4    ###....
 Spider Form              Tmut/Pois      ##........   14%         3    #......
 Ice Form                 Ice/Tmut       ###.....     17%         4    ###....
 Aura of Abjuration       Summ           ####......   22%         5    #####..
 Summon Demon             Summ           ####......   22%         5    #####..
 Conjure Flame            Conj/Fire      #.......     26%         3    #......
 Inner Flame              Hex/Fire       #.......     26%         3    #......
 Hailstorm                Conj/Ice       ###.....     32%         4    ###....
 Summon Forest            Summ/Tloc      ###.......   58%         5    #####..
 Summon Mana Viper        Hex/Summ       ###.....     58%         5    #####..
 Sticky Flame             Conj/Fire      #.......     65%         4    ###....
 Fireball                 Conj/Fire      #.........   94%         5    #####..
 Shadow Creatures         Summ           N/A          75%         6    ######.
 Spectral Weapon          Hex/Chrm       Unusable     N/A         3    N/A

Dungeon Overview and Level Annotations

Branches:
Dungeon (14/15)            Temple (1/1) D:4            Lair (6/6) D:11
 Shoals (0/4) Lair:4        Snake (0/4) Lair:3          Orc (1/2) D:9
 Vaults (0/5) D:13        Ossuary (visited)
  Slime: Lair:5-6

Altars:
Ashenzari
Cheibriados
Dithmenos
Elyvilon
Fedhas
Gozag
Kikubaaqudgha
Makhleb
Nemelex Xobeh
Ru
Sif Muna
Trog
Uskayaw
Vehumet
Wu Jian
Xom
Yredelemnul
Zin
Jiyva

Shops:
D:4 %   D:6 %   D:7 *   D:12 [

Annotations:
D:2 Natasha
D:12 Azrael
Lair:2 exclusion: oklob plant
Lair:3 3 runed translucent doors, Naannir's ghost, journeyman SpAs
Lair:5 exclusion: oklob plant


Innate Abilities, Weirdness & Mutations

You cannot wear armour.
You are incapable of wielding weapons or throwing items.
Your paws allow you to move quietly. (Stealth)
You have sharp claws.
You have razor-sharp teeth.
You have supernaturally acute eyesight. (SInv)
You are carnivorous and can eat meat at any time.
You cover ground quickly.
Your thick and shaggy fur keeps you warm. (AC +3, rC+)
You have a slow metabolism.
Your sharp claws are effective at attacking unaware monsters.


Message History

Your shroud falls apart!
The troll is no longer sharing its pain.
The orc warrior completely misses you.
You can no longer merge with and destroy a victim.
The troll misses you. The troll closely misses you.
The troll completely misses you.
The orc knight shoots a bolt.
The bolt completely misses you. The orc warrior barely misses you.
The orc knight roars a battlecry!
The orcs go into a battle-frenzy!
The orc completely misses you.
The orc no longer looks unusually strong.
The orc wizard gestures wildly while chanting.
The orc wizard seems to speed up.
The orc knight no longer looks unusually strong.
The orc warrior no longer looks unusually strong.
The orc wizard gestures wildly while chanting.
The orc wizard blinks!
The orc warrior hits you with a +0 dire flail!
You die...

## #.# #.# ## ##############
#.# ##.####.#.##.#..#..#
##.####... #.(............
##)##..##.###..............
##o#..$..#.#To...........##.
##o###......@ooo...........#(
#....##......................
##...$o#<†......o...........$.
#....).)#................)....
#.......)............§.)).#...
#.......................)(.....
#...........#.......o..........
#...................>..........
##.##.........................#


You could see an orc knight, a troll, 3 orc warriors, an orc wizard and an orc.

Vanquished Creatures
  Kirke (D:13)
  An ettin (Orc:1)
  Josephine (D:14)
  A centaur warrior (D:14)
  3 two-headed ogres
  3 hydras
  2 unseen horrors
  A deep elf mage (D:14)
  2 wizards (D:13)
  An orc knight (Orc:1)
  2 manticores
  7 ugly things
  3 cyclopes
  8 elephants (Lair:6)
  4 gargoyles
  4 black mambas
  8 spiny frogs
  A torpor snail (Lair:6)
  5 komodo dragons
  A rime drake (Lair:6)
  4 merfolk (Lair:4)
  3 trolls
  7 polar bears
  A polar bear (shapeshifter) (D:13)
  3 hornets
  2 harpy skeletons
  3 slime creatures (D:12)
  10 blink frogs
  7 hippogriffs
  5 dream sheep (Lair:6)
  2 shadows
  A wyvern (Lair:3)
  5 wraiths
  A water elemental (D:14)
  3 hogs (D:13)
  42 yaks
  4 vampire mosquitoes (D:13)
  3 basilisks
  2 hungry ghosts
  Menkaure (D:4)
  A warg (Orc:1)
  An acid dragon (D:12)
  3 hell hounds (D:11)
  7 water moccasins
  3 soldier ants
  8 porcupines
  4 black bears
  A sky beast (D:12)
  5 orc warriors
  3 phantoms
  4 eyes of draining
  4 ice beasts
  3 necrophages
  12 ogres
  10 centaurs
  7 wolves (Lair:6)
  8 crocodiles
  15 bullfrogs
  A wyvern skeleton (D:13)
  A scorpion (D:9)
  8 wights
  15 killer bees
  A howler monkey (D:5)
  5 electric eels
  7 crimson imps
  2 bullfrog zombies
  3 centaur zombies
  2 jellies
  A quasit (D:3)
  6 orc priests
  4 hounds
  3 bullfrog skeletons
  5 centaur skeletons
  4 hell rats (Lair:6)
  10 iguanas
  Natasha (D:2)
  9 orc wizards
  14 worker ants
  A killer bee zombie (D:10)
  13 mummies
  A howler monkey skeleton (D:5)
  14 gnolls
  16 adders
  2 shadow imps
  An ooze (D:1)
  2 adder skeletons
  6 worms
  A dart slug (D:1)
  4 leopard geckos
  68 orcs
  3 ball pythons
  5 giant cockroaches
  7 goblins
  7 hobgoblins
  19 jackals
  7 quokkas
  6 bats
  3 frilled lizards
  3 gnoll skeletons (Ossuary)
  3 goblin skeletons (Ossuary)
  A hobgoblin zombie (D:7)
  A jackal skeleton (D:9)
  2 kobolds
  2 kobold skeletons (Ossuary)
  A kobold zombie (D:7)
  A quokka zombie (D:5)
  8 rats
  11 rat skeletons (Ossuary)
588 creatures vanquished.

Vanquished Creatures (others)
  A human (D:13)
  An orc wizard (D:11)
  3 fungi (Lair:6)
  3 plants (Lair:6)
8 creatures vanquished.

Grand Total: 596 creatures vanquished

Notes
Turn   | Place    | Note
-------+----------+-------------------------------------------
     0 | D:1      | MisterFreud the Felid Skald began the quest for the Orb.
     0 | D:1      | Reached XP level 1. HP: 9/9 MP: 4/4
   130 | D:1      | Reached XP level 2. HP: 5/13 MP: 0/6
   313 | D:1      | Learned a level 2 spell: Shroud of Golubria
  1438 | D:1      | Reached XP level 3. HP: 14/17 MP: 5/7
  2276 | D:2      | Noticed Natasha
  2537 | D:2      | Reached XP level 4. HP: 18/22 MP: 0/8
  2644 | D:2      | Noticed a moth of wrath
  2647 | D:2      | Found a bloodstained altar of Trog.
  2979 | D:2      | Killed Natasha
  3267 | D:2      | Noticed Natasha
  3336 | D:3      | Reached skill level 5 in Fighting
  3410 | D:3      | Reached XP level 5. HP: 9/26 MP: 2/9
  4675 | D:4      | Noticed Menkaure
  4695 | D:4      | Killed Menkaure
  4695 | D:4      | Gained mutation: You are covered in thick fur. (AC +2)
                  | [Felid growth]
  4695 | D:4      | Reached XP level 6. HP: 6/30 MP: 2/10
  4987 | D:4      | Found Jiut's Food Shop.
  5140 | D:4      | Reached skill level 1 in Stealth
  5244 | D:4      | Found a staircase to the Ecumenical Temple.
  5252 | Temple   | Entered the Ecumenical Temple
  5263 | Temple   | Became a worshipper of Uskayaw the Reveler
  5523 | D:5      | Entered Level 5 of the Dungeon
  5540 | D:5      | Reached * piety under Uskayaw
  5542 | D:5      | Reached ** piety under Uskayaw
  5543 | D:5      | Reached skill level 4 in Dodging
  5543 | D:5      | Reached skill level 5 in Unarmed Combat
  6253 | D:5      | Reached XP level 7. HP: 31/33 MP: 11/11
  6380 | D:5      | Reached skill level 5 in Dodging
  6510 | D:5      | Reached skill level 5 in Stealth
  6811 | D:5      | Reached skill level 6 in Dodging
  7115 | D:5      | Reached XP level 8. HP: 37/37 MP: 5/12
  7223 | D:6      | Reached skill level 7 in Dodging
  7302 | D:6      | Reached skill level 8 in Dodging
  7423 | D:6      | Found Xaojost's Food Boutique.
  7507 | D:6      | Reached skill level 1 in Invocations
  7521 | D:6      | Reached *** piety under Uskayaw
  7539 | D:6      | Reached **** piety under Uskayaw
  7627 | D:6      | Found an ancient bone altar of Kikubaaqudgha.
  7720 | D:6      | Found a burning altar of Makhleb.
  7798 | D:6      | Found a shattered altar of Ashenzari.
  7799 | D:6      | Found a white marble altar of Elyvilon.
  7799 | D:6      | Found a bloodstained altar of Trog.
  7799 | D:6      | Found a shadowy altar of Dithmenos.
  7799 | D:6      | Found a snail-covered altar of Cheibriados.
  7801 | D:6      | Found a shimmering altar of Xom.
  7803 | D:6      | Found an ornate altar of the Wu Jian Council.
  8035 | D:7      | Found a sand-covered staircase.
  8046 | Ossuary  | Entered an ossuary
  9233 | D:7      | Reached skill level 9 in Dodging
  9324 | D:7      | Reached XP level 9. HP: 33/41 MP: 5/13
  9431 | D:7      | Found Pezien's General Store.
  9942 | D:8      | Found an opulent altar of Gozag.
 10421 | D:7      | Bought a potion of degeneration for 11 gold pieces
 10421 | D:7      | Bought a wand of iceblast (12) for 176 gold pieces
 10421 | D:7      | Bought a scroll of identify for 22 gold pieces
 10421 | D:7      | Bought 2 potions of curing for 66 gold pieces
 10421 | D:7      | Bought a potion of curing for 33 gold pieces
 10546 | D:7      | Found an ancient bone altar of Kikubaaqudgha.
 10858 | D:7      | Reached skill level 10 in Dodging
 11740 | D:8      | Learned a level 3 spell: Ozocubu's Armour
 11741 | D:9      | Noticed a troll
 11743 | D:9      | Killed a troll
 12855 | D:9      | Reached skill level 1 in Ice Magic
 12872 | D:9      | Noticed a cyclops
 12892 | D:9      | Killed a cyclops
 12892 | D:9      | Reached XP level 10. HP: 32/47 MP: 4/14
 13090 | D:10     | Entered Level 10 of the Dungeon
 13209 | D:9      | Found a staircase to the Orcish Mines.
 13337 | D:9      | Reached skill level 5 in Invocations
 13584 | D:9      | Found a blossoming altar of Fedhas.
 14215 | D:9      | Paralysed by a hornet for 1 turns
 14770 | D:9      | Reached skill level 1 in Evocations
 15128 | D:10     | Reached skill level 5 in Charms
 15161 | D:10     | Noticed a gargoyle
 15632 | D:10     | Killed a gargoyle
 15788 | D:10     | Reached skill level 11 in Dodging
 15880 | D:10     | Noticed an unseen horror
 15891 | D:10     | Killed an unseen horror
 15891 | D:10     | Reached XP level 11. HP: 30/51 MP: 9/17
 15896 | D:10     | Learned a level 3 spell: Frozen Ramparts
 16959 | D:11     | Noticed a red ugly thing
 16977 | D:11     | Killed a red ugly thing
 16977 | D:11     | Reached skill level 5 in Evocations
 16987 | D:11     | Reached ***** piety under Uskayaw
 17001 | D:11     | Reached ****** piety under Uskayaw
 17062 | D:11     | Reached skill level 12 in Dodging
 17486 | D:11     | Found a staircase to the Lair.
 17863 | Lair:1   | Entered Level 1 of the Lair of Beasts
 18367 | Lair:1   | Noticed a seven-headed hydra
 18374 | Lair:1   | Killed a seven-headed hydra
 18374 | Lair:1   | Reached skill level 5 in Ice Magic
 19080 | Lair:2   | Noticed an oklob plant
 19294 | Lair:3   | Gained mutation: Your thick and shaggy fur keeps you warm.
                  | (AC +3, rC+) [Felid growth]
 19294 | Lair:3   | Reached XP level 12. HP: 55/55 MP: 19/19
 19320 | Lair:3   | Found a runed translucent gate.
 19320 | Lair:3   | Found a runed translucent gate.
 19320 | Lair:3   | Found a runed translucent gate.
 19322 | Lair:3   | Found a viscous altar of Jiyva.
 19322 | Lair:3   | Noticed Naannir's ghost (journeyman SpAs)
 19322 | Lair:3   | Noticed a death ooze
 19461 | Lair:3   | You fall into a shaft and drop 3 floors!
 19461 | Lair:6   | Entered Level 6 of the Lair of Beasts
 19593 | Lair:3   | Noticed a four-headed hydra
 19757 | Lair:3   | Killed a four-headed hydra
 19757 | Lair:3   | Reached skill level 5 in Spellcasting
 20024 | Lair:3   | Found a staircase to the Snake Pit.
 20227 | Lair:4   | Reached skill level 10 in Stealth
 21159 | Lair:4   | Found a staircase to the Shoals.
 23372 | Lair:6   | Learned a level 4 spell: Summon Lightning Spire
 23456 | Lair:6   | Reached skill level 1 in Summonings
 23718 | Lair:6   | Reached XP level 13. HP: 16/61 MP: 18/23
 24257 | Lair:6   | Reached skill level 10 in Unarmed Combat
 24261 | Lair:6   | Reached skill level 10 in Fighting
 26102 | D:12     | Reached skill level 1 in Air Magic
 26454 | D:12     | Reached skill level 5 in Summonings
 26518 | D:12     | Found Ciullurph's Armour Shoppe.
 26647 | D:12     | Noticed Azrael
 28282 | D:13     | Reached skill level 10 in Invocations
 28302 | D:13     | Found the macabre finger necklace {rN+}
 28411 | D:13     | Noticed Kirke
 28428 | D:13     | Killed Kirke
 28884 | D:13     | Reached XP level 14. HP: 58/66 MP: 24/24
 29211 | D:13     | Found a gate to the Vaults.
 29385 | D:14     | Reached skill level 5 in Air Magic
 29655 | D:14     | Noticed Josephine
 29673 | D:14     | HP: 2/66 [Josephine/ghostly fireball (20)]
 29676 | D:14     | Killed Josephine
 30604 | D:14     | Reached skill level 10 in Evocations
 31375 | D:13     | Learned a level 5 spell: Blade Hands
 31518 | Orc:1    | Entered Level 1 of the Orcish Mines
 31524 | Orc:1    | Reached skill level 1 in Transmutations
 31527 | Orc:1    | Found a burning altar of Makhleb.
 31570 | Orc:1    | Annihilated by an orc warrior
 31571 | Orc:1    | Reached XP level 13. HP: -24/61 MP: 23/23
 31602 | Orc:1    | HP: 1/91 [orc warrior/+0 halberd (13)]
 31611 | Orc:1    | Killed from afar by an orc wizard
 31612 | Orc:1    | Reached XP level 12. HP: -2/58 MP: 22/22
 31661 | Orc:1    | Mangled by an orc warrior

Levels and vault maps discovered:
D:1:      moated_graveyard_arrival, layout_loops_corners,
          minmay_misc_feat_more_columns, kennysheep_another_room
D:2:      layout_rooms, tgw_trog, uniq_natasha
D:3:      layout_basic, serial_park_tiny_pond
D:4:      layout_loops_ring, temple_fountains, serial_shops, shop, uniq_menkaure
D:5:      layout_rooms, first_ration, kennysheep_generic_room_16
D:6:      layout_basic, minitemple, serial_shops, nicolae_shop_stone
D:7:      layout_loops_ring, nicolae_ossuary_entry_giza, serial_shops, shop,
          minmay_ruined_shrine
D:8:      layout_loops_ring, basic_altar
D:9:      layout_long_grid, hiddenorc2_lemuel, fedhas_altar_1
D:10:     layout_loops_corners, hangedman_pestilent_swarm
D:11:     layout_loops_ring, lair_entry_dummy, kennysheep_cross_bottleneck,
          grunt_ministairs_7, nrook_pool_corridor
D:12:     layout_irregular_city, serial_shops, shop_statue, uniq_azrael
D:13:     layout_loops_ring, david_vaults_1, hangedman_abyss_or_decor_stagger,
          uniq_kirke
D:14:     layout_basic, nicolae_ru_path_of_blood, uniq_josephine, uniq_jorgrun
Temple:   cyrus_circular_temple
Lair:1:   layout_small_grid, grunt_megastairs_1, lemuel_fruit_tree,
          serial_bayou_shore_b
Lair:2:   layout_hall_layers, minmay_lair_oklob_chamber
Lair:3:   layout_misc_corridors, dummy_snake_entry, gammafunk_ghost_ooze
Lair:4:   layout_cave_shapes, elwin_shoals_entry_stream
Lair:5:   layout_layer_cave, minmay_slime_entry_oklob_enclosed,
          infiniplex_staircase_pool_2
Lair:6:   grunt_lair_end_beastmaster, layout_hall_layers
Orc:1:    layout_caves, basic_altar

Skill      XL: |  1  2  3  4  5  6  7  8  9 10 11 12 13 14 |
---------------+-------------------------------------------+-----
Fighting       | 3 4 5 7 8 9 10 | 10.0
Unarmed Combat | 4 5 6 7 8 9 10 | 10.0
Stealth        | 3 6 9 10 | 10.0
Dodging        | 4 6 9 10 11 12 | 12.4
Invocations    | 2 4 5 6 8 10 | 10.0
Charms         | 4 5 6 |  6.0
Ice Magic      | 1 2 5 |  5.0
Spellcasting   | 3 4 6 |  6.0
Evocations     | 3 6 8 10 | 10.0
Summonings     | 1 6 |  6.0
Air Magic      | 4 5 |  5.0
Transmutations | 3 2 |  3.1

Action                   |  1- 3 |  4- 6 |  7- 9 | 10-12 | 13-15 || total
-------------------------+-------+-------+-------+-------+-------++-------
Melee: Unarmed           |   130 |   249 |   539 |   886 |   657 ||  2461
       Bite              |     7 |    28 |    59 |   106 |   102 ||   302
       Punch             |     1 |     2 |    12 |    42 |    30 ||    87
 Cast: Infusion          |    11 |    12 |    27 |    11 |       ||    61
       Shroud of Golubri |    16 |    24 |    50 |    55 |    32 ||   177
       Frozen Ramparts   |       |       |       |    16 |    54 ||    70
       Ozocubu's Armour  |       |       |       |     5 |     2 ||     7
       Summon Lightning  |       |       |       |       |     1 ||     1
Invok: Grand Finale      |       |       |       |       |     3 ||     3
       Line Pass         |       |       |       |       |     1 ||     1
 Abil: Evoke Berserk Rag |       |       |       |     1 |     8 ||     9
Evoke: Wand              |       |       |       |    16 |    17 ||    33
       Tin of tremorston |       |       |       |     1 |     1 ||     2
  Use: Scroll            |     3 |     5 |     8 |    10 |     6 ||    32
       Potion            |       |     3 |       |     2 |     2 ||     7
 Stab: Sleeping          |     4 |     4 |    29 |    39 |    15 ||    91
       Paralysed         |       |       |     7 |    30 |    39 ||    76
       Distracted        |       |       |     4 |     2 |     6 ||    12
       Confused          |       |       |       |       |     1 ||     1
  Eat: Chunk             |    12 |    10 |    22 |    26 |    23 ||    93
Armor: Skin              |     9 |    17 |    20 |    14 |    24 ||    84
Dodge: Dodged            |   118 |   238 |   458 |   843 |   653 ||  2310

Table legend:
 A = Non-vault XP
 B = Vault XP
 C = Vault XP percentage of total XP
 D = Non-vault monster count
 E = Vault monster count
 F = Vault count percentage of total count
                 A         B        C        D         E       F
            +---------+---------+-------+---------+---------+-------
      Total |   64313 |   15558 |  19.5 |     467 |     122 |  20.7
            +---------+---------+-------+---------+---------+-------
        D:1 |      56 |       0 |   0.0 |      22 |       0 |   0.0
        D:2 |      50 |      47 |  48.5 |      14 |       6 |  30.0
        D:3 |     144 |       0 |   0.0 |      28 |       0 |   0.0
        D:4 |     101 |     165 |  62.0 |      11 |       1 |   8.3
        D:5 |     873 |       0 |   0.0 |      14 |       0 |   0.0
        D:6 |     767 |       0 |   0.0 |      22 |       0 |   0.0
        D:7 |     980 |     538 |  35.4 |      17 |       9 |  34.6
        D:8 |     758 |       0 |   0.0 |      24 |       0 |   0.0
        D:9 |    2726 |     334 |  10.9 |      27 |      32 |  54.2
       D:10 |    4760 |     619 |  11.5 |      35 |       4 |  10.3
       D:11 |    3549 |    1016 |  22.3 |      32 |       8 |  20.0
       D:12 |    7804 |       0 |   0.0 |      45 |       0 |   0.0
       D:13 |    6762 |    5778 |  46.1 |      37 |       8 |  17.8
       D:14 |    7128 |    1884 |  20.9 |      22 |       5 |  18.5
     Lair:1 |    1440 |     999 |  41.0 |       7 |       2 |  22.2
     Lair:2 |    2295 |       0 |   0.0 |      10 |       0 |   0.0
     Lair:3 |    4866 |       0 |   0.0 |      18 |       0 |   0.0
     Lair:4 |    1268 |    1248 |  49.6 |       6 |       4 |  40.0
     Lair:5 |    5131 |       0 |   0.0 |      21 |       0 |   0.0
     Lair:6 |   10243 |    2691 |  20.8 |      40 |      12 |  23.1
      Orc:1 |    2612 |       0 |   0.0 |      15 |       0 |   0.0
    Ossuary |       0 |     239 | 100.0 |       0 |      31 | 100.0
            +---------+---------+-------+---------+---------+-------
